Map: Port Aleksander LE

Players

herO

  • Race: Protoss Protoss
  • Spawn Location: 5:00

soO - Winner!

  • Race: Zerg Zerg
  • Spawn Location: 11:00

Event: IEM Season 13: Katowice (2019)

VOD

Have the link to the VOD?

Description

Time

  • Played on: March 3, 2019, 4:39 a.m.
  • Length: 8:54

All games in this series

Show
View Real Time Build Order
Export as new Build Order

herO Protoss 

Build Orders: 1 Gate Expand, Oracle Opening, Archon Immortal, Archon Drop 

Get SALT Encoding   

  12  0:00  Probe  
  13  0:12  Probe  
  14  0:18  Pylon  
  14  0:24  Probe  
  15  0:32  Probe  
  15  0:40  Probe  
  15  0:42  Gateway  
  16  0:49  Assimilator  
  17  0:51  Probe  
  18  1:03  Probe  
  19  1:15  Probe  
  20  1:29  Nexus  
  20  1:38  Cybernetics Core  
  20  1:41  Probe  
  21  1:47  Assimilator  
  21  1:53  Probe  
  22  1:58  Pylon  
  22  2:06  Adept, Probe  
  23  2:18  Probe  
  23  2:22  Stargate  
  26  2:26  Warp Gate  
  26  2:30  Probe  
  27  2:37  Stalker  
  27  2:40  Probe  
  31  2:44  Probe  
  31  2:48  Probe  
  31  2:55  Oracle  
  31  2:56  Probe x2  
  37  3:08  Probe  
  37  3:10  Probe  
  38  3:20  Probe  
  38  3:22  Probe, Oracle  
  38  3:24  Pylon  
  40  3:30  Gateway  
  43  3:36  Probe x2  
  45  3:42  Assimilator  
  45  3:44  Assimilator  
  45  3:48  Probe  
  45  3:49  Probe  
  45  3:50  Pylon  
  47  3:57  Robotics Facility  
  47  4:00  Probe  
  47  4:02  Probe  
  48  4:08  Probe  
  49  4:14  Twilight Council, Probe  
  51  4:17  Probe  
  51  4:22  Forge  
  52  4:27  Probe  
  52  4:29  Probe  
  52  4:30  Gateway  
  54  4:33  Gateway  
  54  4:34  Warp Prism  
  54  4:39  Probe  
  54  4:41  Probe  
  58  4:48  Pylon  
  58  4:55  Protoss Ground Weapons Level 1  
  58  5:05  Templar Archives  
  58  5:06  Zealot  
  58  5:07  Zealot  
  62  5:22  Nexus  
  62  5:23  Pylon  
  62  5:34  Pylon  
  58  5:40  Gateway x2  
  58  5:42  High Templar x4  
  63  5:43  Observer  
  63  5:46  Archon x2  
  63  5:49  Probe  
  66  5:50  Probe  
  66  5:53  Immortal  
  66  6:02  Probe x2  
  72  6:14  Probe x2  
  72  6:16  Protoss Ground Weapons Level 2  
  74  6:20  Pylon, Charge  
  74  6:21  Immortal, Pylon  
  74  6:23  Sentry  
  76  6:28  Assimilator  
  76  6:30  Assimilator  
  76  6:32  Probe x2  
  82  6:37  Sentry  
  82  6:38  Probe  
  85  6:40  Sentry, Shield Battery  
  85  6:41  Zealot x2  
  91  7:00  Gateway  
  91  7:02  Immortal  
  91  7:04  Gateway  
  95  7:12  Pylon  
  95  7:20  Sentry x2  
  95  7:21  Zealot x4  
  107  7:27  Pylon  
  107  7:31  Warp Prism  
  97  7:39  Photon Cannon  
  97  7:44  Sentry x3, Zealot x2  
  103  7:47  Zealot  
  98  8:03  Zealot  
  98  8:04  Zealot  
  96  8:07  Immortal  
  96  8:12  Zealot x3  
  95  8:18  Zealot x2  
  65  8:33  High Templar x4  
  61  8:35  Zealot  
  61  8:36  Zealot  
  61  8:39  Archon x2  
  64  8:42  Zealot x2  
Show
View Real Time Build Order
Export as new Build Order

soO Zerg - Winner!

Build Orders: Hatch First 

Get SALT Encoding   

  12  0:00  Drone  
  13  0:12  Overlord  
  13  0:17  Drone  
  14  0:30  Drone x2  
  14  0:34  Drone  
  17  0:51  Hatchery  
  17  0:54  Drone  
  17  0:58  Drone  
  18  1:10  Extractor  
  17  1:14  Spawning Pool  
  17  1:17  Drone  
  17  1:20  Drone  
  18  1:27  Drone  
  19  1:38  Drone  
  20  1:49  Drone  
  20  1:54  Hatchery  
  20  2:00  Drone  
  21  2:08  Queen  
  21  2:12  Drone x2  
  25  2:24  Overlord  
  25  2:27  Queen  
  27  2:32  Zergling x2  
  27  2:35  Metabolic Boost  
  28  2:43  Zergling x2  
  29  2:47  Drone x2  
  31  2:52  Drone  
  31  2:53  Queen  
  34  2:59  Overlord  
  34  3:00  Drone  
  34  3:04  Drone  
  35  3:13  Drone  
  35  3:14  Queen  
  35  3:19  Drone x3  
  40  3:22  Zergling x2  
  40  3:23  Zergling x2  
  42  3:29  Queen  
  44  3:34  Drone  
  44  3:35  Drone  
  44  3:36  Spore Crawler  
  44  3:39  Spore Crawler  
  45  3:41  Drone  
  45  3:43  Drone  
  45  3:44  Drone  
  45  3:46  Drone  
  45  3:48  Drone  
  49  3:50  Drone  
  49  3:54  Overlord  
  50  3:58  Overlord  
  50  4:03  Overlord  
  50  4:09  Drone x2  
  50  4:11  Overlord  
  50  4:13  Drone x4  
  50  4:16  Drone  
  55  4:19  Drone x2  
  55  4:21  Drone  
  55  4:23  Drone  
  59  4:25  Drone  
  59  4:26  Drone  
  59  4:28  Drone  
  59  4:29  Drone  
  62  4:34  Lair  
  62  4:35  Drone  
  64  4:38  Drone  
  64  4:42  Zergling x2  
  64  4:44  Extractor  
  64  4:45  Extractor  
  63  4:47  Roach Warren  
  63  4:48  Zergling x4  
  63  4:50  Drone  
  63  4:51  Drone  
  66  4:56  Drone x4  
  66  4:57  Drone  
  66  4:58  Drone  
  69  5:00  Drone  
  69  5:02  Drone  
  69  5:04  Drone x2  
  73  5:10  Extractor, Overlord  
  73  5:12  Extractor  
  73  5:13  Drone  
  73  5:14  Drone x2  
  74  5:21  Overlord  
  74  5:28  Roach x4  
  81  5:34  Overlord, Glial Reconstitution  
  79  5:36  Roach x2  
  79  5:38  Overlord, Hydralisk Den  
  79  5:40  Roach  
  83  5:46  Drone x2  
  83  5:47  Drone  
  83  5:49  Roach x3  
  91  5:53  Roach x2  
  95  5:58  Roach x2  
  95  5:59  Overlord  
  95  6:03  Overseer, Overlord  
  99  6:10  Grooved Spines  
  99  6:16  Overlord  
  99  6:17  Roach  
  99  6:18  Roach x2  
  105  6:23  Overlord  
  105  6:35  Hydralisk x8  
  121  6:41  Overlord x2  
  121  6:43  Overseer  
  121  6:47  Hydralisk x2  
  121  6:49  Overlord  
  125  6:58  Overlord x2  
  125  7:00  Roach x3  
  133  7:08  Roach x5  
  133  7:11  Overseer  
  133  7:13  Roach x2  
  145  7:19  Roach x3  
  145  7:22  Roach  
  152  7:28  Roach x2  
  156  7:33  Roach  
  156  7:36  Ravager x2  
  160  7:37  Zergling x2  
  160  7:40  Ravager  
  160  7:41  Overlord  
  160  7:42  Zergling x14  
  169  7:55  Roach  
  169  7:56  Roach x2  
  169  7:57  Roach  
  165  8:00  Roach x2  
  165  8:03  Roach  
  165  8:05  Roach  
  165  8:10  Roach  
  165  8:11  Roach x5  
  165  8:12  Roach x2  
  163  8:18  Roach x4  
  166  8:24  Roach  
  166  8:27  Ravager x2  
  166  8:29  Hydralisk  
  166  8:32  Overlord  

Tags
 
Add a new tag
Caveats
  • Supply blocks, unpowered buildings, or Contaminate may cause inaccurate times.
  • Supply counts are checked every 10 seconds.